[Event "1st FIDE Olympiad DIS 2023"]
[Site "Belgrade"]
[Date "2023.02.03"]
[Round "5.7"]
[White "Infiesto, James"]
[Black "Gurbanov, Andrei"]
[Result "1/2-1/2"]
[ECO "C25"]
[WhiteElo "1930"]
[BlackElo "2275"]
[Annotator "TA"]
[PlyCount "148"]
[EventDate "2023.01.30"]
[EventType "team-tourn"]
[EventCountry "SRB"]
[SourceTitle "playchess.com"]
[Source "ChessBase"]
[SourceQuality "1"]
[WhiteTeam "Philippines"]
[BlackTeam "Israel"]
[WhiteTeamCountry "PHI"]
[BlackTeamCountry "ISR"]
[TimeControl "40/5400+30:1800+30"]

1. e4 e5 2. Nc3 d6 3. g3 g6 4. Bg2 Bg7 5. Nge2 h5 (5... Nc6 $11) 6. h3 {[%emt 0:01:08] C25: Vienna Game: Alternatives to 2...Nf6.} (6. d4 $14) 6... c6 7. d4 {[%emt 0:03:32] [#]} Qc7 $146 ({Predecessor:} 7... Qb6 8. dxe5 dxe5 9. O-O Nd7 10. b3 Bh6 11. Na4 Qc7 12. c4 Bxc1 13. Rxc1 h4 {0-1 Pesotsky,V (2343)-Minasian,A (2557) EU-ch 10th Budva 2009 (10)}) 8. Be3 {[%emt 0:00:06] White is slightly better.} Nd7 9. Qd2 Nb6 (9... Ngf6 $14) 10. b3 $1 $16 Be6 11. Rd1 h4 ({Black should try} 11... Ne7) 12. g4 $1 Ne7 13. dxe5 (13. a4 $142) 13... dxe5 14. O-O Rd8 15. Qxd8+ Qxd8 16. Rxd8+ Kxd8 17. Rd1+ Kc7 18. Kf1 Bf6 (18... f6 $11) 19. Ke1 {[%emt 0:00:55] White is more active.} (19. f4 $1 $16) 19... g5 $11 20. Bc5 ({White should play} 20. a4 $11) 20... Nbc8 (20... Ng6 $15) 21. a4 (21. Nd5+ $1 $14 cxd5 22. exd5 Nxd5 23. Bxd5) 21... Ng6 $15 22. Bf1 b6 23. Ba3 Be7 24. Bxe7 Ncxe7 25. f3 a5 26. Nc1 Nf4 27. Nd3 Neg6 28. Ne2 Nxd3+ 29. Rxd3 Rb8 30. Nc3 Nf4 31. Rd1 Bd7 32. Kf2 Ra8 33. Ke3 Bc8 34. Ne2 Ne6 35. Nc3 (35. Nc1 $142) 35... Ba6 $17 36. Bxa6 Rxa6 {[%emt 0:00:02][%mdl 4096] Endgame KRN-KRN} 37. Ne2 Ra8 38. Ra1 Rd8 39. Rh1 b5 40. Ra1 Kb6 41. Rh1 Kc5 42. axb5 (42. Rb1 {keeps fighting.}) 42... cxb5 $19 43. Ra1 Kb6 44. Rb1 Kc6 (44... b4 $19 {is more deadly. And now ...Nf4 would win.} 45. Ra1 Kb5) 45. Ra1 $17 {[%emt 0:00:34] [#]} Ra8 46. Kd3 Kc5 {[%emt 0:02:47] Hoping for ...a4.} 47. Kc3 (47. c3 $17) 47... a4 {[%emt 0:01:39] aiming for ...b4+.} 48. b4+ Kc6 {[%emt 0:02:18] Strongly threatening ...Rd8.} 49. Kd3 Rd8+ 50. Ke3 Kb6 51. Rc1 {[%emt 0:14:50] [#]} (51. c3 $17 {is a better defense.}) 51... Rc8 (51... Nd4 $1 $19 {...Rc8 is the strong threat.} 52. Nxd4 Rxd4) 52. c3 Rd8 53. Ra1 Kc6 54. Rh1 f6 55. Rf1 Rd6 56. Rh1 Nf8 57. Nc1 Nd7 58. Nd3 Nb6 59. Ra1 Nc4+ 60. Ke2 Rd8 61. Rd1 a3 ({Better is} 61... Kc7 $17 62. Ra1 Kb6) 62. Ra1 $11 ({Don't go for} 62. Nxe5+ $2 fxe5 63. Rxd8 Nb2 $19) 62... Kb6 63. Ra2 Rd7 64. Nc5 Rd8 65. Nd3 Ra8 66. Nc5 Kc6 67. Nd3 Kd6 68. Nc5 Kc6 69. Nd3 Nb6 70. Nc5 Nc4 71. Nd3 Rd8 72. Nc5 Kb6 73. Nd3 Rc8 74. Nc5 Rd8 {[%emt 0:32:22] Black had all chances to win.   Weighted Error Value: White=0.21 (precise) /Black=0.18 (very precise)} 1/2-1/2

[Event "1st FIDE Olympiad DIS 2023"]
[Site "Belgrade"]
[Date "2023.02.03"]
[Round "5.8"]
[White "Gomez Fernandez, Alfredo"]
[Black "Zhukovskaya, Nina"]
[Result "1-0"]
[ECO "C00"]
[WhiteElo "1760"]
[BlackElo "1474"]
[Annotator "NA COMBH"]
[PlyCount "129"]
[EventDate "2023.01.30"]
[EventType "team-tourn"]
[EventCountry "SRB"]
[SourceTitle "playchess.com"]
[Source "ChessBase"]
[SourceQuality "1"]
[WhiteTeam "ICCD"]
[BlackTeam "Kazakhstan"]
[WhiteTeamCountry "ESP"]
[BlackTeamCountry "KAZ"]
[TimeControl "40/5400+30:1800+30"]

1. e4 e6 2. d3 Bc5 3. Nf3 Nc6 4. d4 Bb6 5. c3 d6 6. Bd3 e5 7. d5 Nce7 8. h3 h6 9. a4 a6 10. a5 Ba7 11. Qe2 Bd7 12. Na3 Nf6 13. Be3 Bxe3 14. Qxe3 c6 15. Nc4 Nc8 16. dxc6 Bxc6 17. O-O O-O 18. Rfd1 Qe7 19. Bc2 Rd8 20. Ne1 Ne8 21. Qg3 Nf6 22. Qe3 Nh7 23. Nd3 Bb5 24. Na3 Bc6 25. f3 Qc7 26. Nb1 b5 27. Qd2 Ne7 28. Nb4 Bb7 29. Bb3 Nf6 30. Qf2 Qc5 31. Nd2 Qxf2+ 32. Kxf2 d5 33. exd5 Bxd5 34. Nxd5 Nfxd5 35. g3 Kf8 36. Ne4 Rac8 37. Ke2 f5 38. Nf2 Nf6 39. Be6 Rb8 40. Nd3 e4 41. Nc5 exf3+ 42. Kxf3 Ra8 43. Nxa6 Rxd1 44. Rxd1 Rxa6 45. Rd8+ Ne8 46. Bd7 Kf7 47. Bxe8+ Kf6 48. b4 Ke5 49. Bxb5 Ra7 50. Rd7 Nc8 51. Rxa7 Nxa7 52. Bd7 g6 53. b5 Kd6 54. b6 Nc6 55. Bxc6 Kxc6 56. Kf4 Kb7 57. h4 Kc6 58. h5 g5+ 59. Kxf5 Kb7 60. Ke5 Kc6 61. c4 Kb7 62. Kd6 Kb8 63. Kd7 Kb7 64. c5 g4 65. c6+ 1-0

[Event "1st FIDE Olympiad DIS 2023"]
[Site "Belgrade"]
[Date "2023.02.03"]
[Round "5.8"]
[White "Aleksandrova, Aleksandra"]
[Black "Bernardo, Darry"]
[Result "0-1"]
[ECO "A45"]
[WhiteElo "1701"]
[BlackElo "2070"]
[Annotator "TA"]
[PlyCount "56"]
[EventDate "2023.01.30"]
[EventType "team-tourn"]
[EventCountry "SRB"]
[SourceTitle "playchess.com"]
[Source "ChessBase"]
[SourceQuality "1"]
[WhiteTeam "Israel"]
[BlackTeam "Philippines"]
[WhiteTeamCountry "ISR"]
[BlackTeamCountry "PHI"]
[TimeControl "40/5400+30:1800+30"]

1. d4 d5 2. e3 Nf6 3. Nd2 Nc6 4. f4 Bf5 5. c3 a6 {[%emt 0:00:32] [#]} 6. Be2 $146 {[%emt 0:00:27] A45: Trompowsky Attack.} ({Predecessor:} 6. Ngf3 e6 7. Be2 h6 8. Ne5 Nxe5 9. fxe5 Ne4 10. O-O Be7 11. Nxe4 Bxe4 12. Bd3 Bxd3 13. Qxd3 {½-½ Pereira Lustosa,J (1763)-Andrade Dos Santos,I (1828) Fortaleza Monte Cup 2017 (5)}) 6... e6 7. a4 h6 8. Ngf3 {[%emt 0:00:28] The position is equal.} Bd6 9. O-O Ne7 10. Ne5 Ne4 11. Nxe4 Bxe4 12. Bd3 Bxd3 13. Qxd3 f5 (13... c5 {is more appropriate.}) 14. Nf3 Ng6 15. c4 c6 (15... dxc4 $11 16. Qxc4 Qd7) 16. g4 (16. c5 $14 Bc7 17. b4) 16... O-O $11 17. gxf5 Rxf5 18. e4 $2 {[%emt 0:08:55] This move loses the game for White.} (18. c5 $11 {and White is okay.} Bc7 19. Bd2) 18... dxe4 $19 (18... Nxf4 19. Bxf4 Rxf4 20. cxd5) 19. Qxe4 {[%emt 0:00:02] [#]} Qf6 (19... Bxf4 20. Qxe6+ Rf7 21. Qxg6 $18) (19... Nxf4 20. Bxf4 Rxf4 21. Qxe6+ Kh8 22. b3 $15) 20. Ne5 Nxe5 21. dxe5 {[%emt 0:01:01] [#]} Bxe5 {[%emt 0:00:13][%cal Bd6e5,Be5c7,Bc7f4][%mdl 608] Pin} 22. Be3 (22. Ra3 Bd4+) 22... Rf8 23. Rad1 Bc7 ({Not} 23... Bxf4 24. Rxf4 Rxf4 25. Bxf4 Qxf4 26. Qxe6+ Kh8 27. Qe2 $19) 24. Rd7 (24. Rf2 {was called for.}) 24... Rf7 ({Inferior is} 24... Bxf4 25. Rxf4 Rxf4 26. Bxf4 Qxf4 27. Qxf4 Rxf4 28. Rxb7 $17) 25. Rd2 Re5 26. Qd3 {[%emt 0:07:46] [#]} Rxe3 27. Qxe3 Bxf4 28. Rd8+ $2 (28. Qxf4 Qxf4 29. Rxf4 Rxf4 30. Rd8+ Kh7 31. Rd7) 28... Qxd8 {[%emt 0:00:32] Weighted Error Value: White=0.66/Black=0.16 (very precise)} 0-1

[Event "1st FIDE Olympiad DIS 2023"]
[Site "Belgrade"]
[Date "2023.02.03"]
[Round "5.9"]
[White "Morales Romero, Pedro"]
[Black "Mikheev, Stanislav"]
[Result "1/2-1/2"]
[ECO "C47"]
[WhiteElo "2339"]
[BlackElo "2300"]
[Annotator "TA"]
[PlyCount "101"]
[EventDate "2023.01.30"]
[EventType "team-tourn"]
[EventCountry "SRB"]
[SourceTitle "playchess.com"]
[Source "ChessBase"]
[SourceQuality "1"]
[WhiteTeam "Cuba"]
[BlackTeam "IPCA"]
[WhiteTeamCountry "CUB"]
[BlackTeamCountry "SRB"]
[TimeControl "40/5400+30:1800+30"]

1. e4 e5 2. Nf3 Nc6 3. d4 exd4 4. Nxd4 Nf6 5. Nc3 Bb4 6. Nxc6 bxc6 7. Bd3 d5 8. exd5 cxd5 9. O-O O-O 10. Bg5 c6 11. Na4 Re8 12. c4 {[%emt 0:05:12] C47: Scotch Four Knights and Four Knights with 4 g3.} Bd6 13. Rc1 h6 14. Bh4 Bf4 {[%emt 0:14:12] [#]} 15. Rb1 $146 ({Predecessor:} 15. Rc2 Qd6 16. Bg3 Bxg3 17. hxg3 Bg4 18. Qc1 d4 19. Qf4 Qb4 20. b3 c5 21. Qd2 Qxd2 22. Rxd2 Rac8 23. Nb2 h5 24. f3 Bd7 25. Kf2 Kf8 26. Bc2 g6 27. b4 cxb4 {½-½ Sanchez,J (2516)-Roiz,M (2649) Cannes op 2011 (8)}) 15... Qd6 16. Bg3 Bxg3 17. hxg3 Rb8 18. a3 Be6 (18... Ng4 {keeps more tension.} 19. Rc1 Bd7 20. Be2 Qg6) 19. Rc1 (19. b4 $11) 19... Red8 (19... Qe5 $15) 20. Qc2 Ng4 21. Rfe1 Ne5 22. cxd5 (22. c5 $5 Qc7 $8 23. b4 $11) 22... cxd5 23. b4 {[%emt 0:02:57] [#]} a5 $1 24. bxa5 Rdc8 25. Qd2 ({Don't go for} 25. Bh7+ $2 Kh8 26. Nc5 Rb5 $19) 25... Rxc1 26. Rxc1 Qxa3 27. Nc5 (27. Bc2 $1 $11) 27... Rc8 $36 {[%emt 0:02:02][%mdl 2048] White is under pressure.} 28. Qe3 {[%emt 0:00:05] [#] Bh7+ is the strong threat.} Nxd3 29. Nxd3 Rxc1+ (29... Qxa5 $2 30. Rxc8+ Bxc8 31. Qe8+ Kh7 32. Qxc8 $18) 30. Nxc1 Qxa5 {[%emt 0:00:10][%cal Od5d4][%mdl 4096] Endgame KQB-KQN} 31. Nb3 Qa3 32. Qb6 Qb2 33. Qe3 Qb1+ 34. Kh2 Qe4 35. Qb6 Qe2 36. f3 Qe5 37. Nd4 g5 (37... Kh7 $15) 38. Qd8+ $1 $11 {[%emt 0:00:35] The position is equal.} Kg7 39. Nc6 Qf6 40. Ne7 h5 41. Qg8+ Kh6 42. Qd8 {[%emt 0:00:30] Threatening mate with Ng8+.} Qe5 {[%emt 0:02:50] Threatens to win with ...h4.} 43. Qf8+ Qg7 44. Qb8 h4 45. g4 Kh7 46. Qb1+ Kh6 {[%emt 0:00:00] aiming for ...Qe5+.} 47. Qb8 {[%emt 0:00:00] Prevents Qe5+} Kh7 48. g3 hxg3+ 49. Kxg3 Qd4 {[%emt 0:00:00] ...Qg1+ would be deadly.} 50. Qg8+ Kh6 {[%emt 0:00:00] Hoping for ...Qg1+.} 51. Qf8+ {[%emt 0:00:00] Weighted Error Value: White=0.08 (flawless) /Black=0.08 (flawless)} 1/2-1/2

[Event "1st FIDE Olympiad DIS 2023"]
[Site "Belgrade"]
[Date "2023.02.03"]
[Round "5.9"]
[White "Kevorkov, Artur"]
[Black "Ibraimov, Kubanychbek"]
[Result "0-1"]
[ECO "C55"]
[WhiteElo "2158"]
[BlackElo "1316"]
[Annotator "TA"]
[PlyCount "78"]
[EventDate "2023.01.30"]
[EventType "team-tourn"]
[EventCountry "SRB"]
[SourceTitle "playchess.com"]
[Source "ChessBase"]
[SourceQuality "1"]
[WhiteTeam "Germany"]
[BlackTeam "Kyrgyzstan"]
[WhiteTeamCountry "GER"]
[BlackTeamCountry "KGZ"]
[TimeControl "40/5400+30:1800+30"]

1. e4 e5 2. Nf3 Nc6 3. Bc4 Be7 4. O-O Nf6 5. d3 O-O 6. c3 d6 7. Nbd2 Bg4 8. Re1 a6 {[%emt 0:00:51] C55: Two Knights: 4 d3, 4 d4 exd4 5 e5 and Max Lange Attack.} 9. Bb3 Rb8 10. Nf1 b5 {[%emt 0:01:19] [#] White is slightly better.} 11. Ne3 $146 (11. h3 $5 Bd7 12. d4 $14) ({Predecessor:} 11. h3 Bxf3 12. Qxf3 h6 13. Ng3 Nh7 14. Nf5 Bg5 15. Qg3 Qf6 16. Be3 Ne7 17. Nxe7+ Qxe7 {½-½ Hoogakker,P (1787)-Bennett,D (1383) Guernsey Holiday op 44th 2018 (3)}) 11... Bh5 12. h3 Na5 13. Bc2 c5 14. Nf5 Re8 15. g4 Bg6 16. Nxe7+ (16. N3h4 {with more complications.} Nc6 17. Bb3 Na5 18. Nxe7+ Qxe7 19. g5) 16... Qxe7 17. Kh2 Nc6 18. Rg1 c4 19. Bg5 Qe6 20. Qe2 d5 {[%emt 0:03:34] [#] And now ...cxd3 would win.} 21. Bxf6 gxf6 ({Black should play} 21... Qxf6 $17 22. Rge1 (22. exd5 cxd3 23. Bxd3 e4 $19) 22... d4) 22. exd5 (22. Nh4 $11) 22... Qxd5 23. dxc4 bxc4 {[%emt 0:00:56] Threatens to win with ...Bxc2.} 24. Rgd1 (24. Bxg6 $1 $15 hxg6 25. Rgd1) 24... Qc5 {[%emt 0:01:12] Black is more active.} (24... Nd4 $1 $17 25. Bxg6 (25. cxd4 $2 exd4 26. Rxd4 Rxe2 $19) 25... Qxf3 26. Qxf3 {[%mdl 64] Remove Defender} Nxf3+ 27. Kg3 hxg6 28. Kxf3 Rxb2) 25. Bxg6 hxg6 26. Kg2 {[%emt 0:00:52] [#]} ({Better is} 26. Rab1 $15) 26... Nd8 $1 $19 27. Rd2 Ne6 {[%emt 0:00:17] ...Nf4+ would be deadly.} 28. Qe4 Kg7 29. h4 Rh8 (29... Rb6 $142 30. Rh1 Reb8) 30. Kg1 (30. Rad1 $17) 30... Nf4 {[%emt 0:03:54] ...Rbe8 is the strong threat.} 31. Re1 (31. Rad1 $17) 31... Nd3 $2 (31... Rbe8 $19 {and Black stays clearly on top. White must now prevent ...Qc8.} 32. Kh2 Rd8) 32. Ree2 $2 (32. Re3 $17 {was necessary.}) 32... Rbe8 {[%emt 0:02:34] Hoping for ...Qc8.} 33. b4 $2 (33. Rxd3 cxd3 34. Qxd3) 33... Qc8 {[%emt 0:00:37] Black is clearly winning.} 34. g5 (34. h5 $142 Nf4 35. Nh2) 34... f5 35. Qd5 Nf4 36. Qd6 Nxe2+ 37. Rxe2 e4 38. Qf6+ Kg8 39. Ne5 Qe6 {[%emt 0:00:47] Weighted Error Value: White=0.69/Black=0.45} (39... Rxh4 $2 {is a self mate.} 40. Qxf7+ Kh8 41. Nxg6#) 0-1

[Event "1st FIDE Olympiad DIS 2023"]
[Site "Belgrade"]
[Date "2023.02.03"]
[Round "5.10"]
[White "Sargissyan, Sargis"]
[Black "Larduet Despaigne, Carlos"]
[Result "1-0"]
[ECO "B65"]
[WhiteElo "2221"]
[BlackElo "2277"]
[Annotator "TA"]
[PlyCount "87"]
[EventDate "2023.01.30"]
[EventType "team-tourn"]
[EventCountry "SRB"]
[SourceTitle "playchess.com"]
[Source "ChessBase"]
[SourceQuality "1"]
[WhiteTeam "IPCA"]
[BlackTeam "Cuba"]
[WhiteTeamCountry "ARM"]
[BlackTeamCountry "CUB"]
[TimeControl "40/5400+30:1800+30"]

1. e4 c5 2. Nf3 d6 3. d4 cxd4 4. Nxd4 Nf6 5. Nc3 Nc6 6. Bg5 e6 7. Qd2 Be7 8. O-O-O O-O 9. f4 Nxd4 10. Qxd4 Qa5 11. Kb1 Rd8 12. Bd3 {[%emt 0:18:27] B65: Sicilian: Richter-Rauzer: 7...Be7 8 0-0-0 0-0 9 f4 Nxd4.} h6 {[%emt 0:03:23] Dodges h4} 13. Bh4 (13. h4 $1 $14) 13... e5 $1 $11 14. Qf2 {[%emt 0:01:24] The position is equal.} (14. fxe5 {simplifies} dxe5 15. Qa4 Qxa4 16. Nxa4 Bg4 17. Rdf1) 14... exf4 {[%emt 0:11:49] [#] aiming for ...g5.} (14... Ng4 $5 15. Qe1 Bxh4 16. Qxh4 exf4 $11) 15. Bxf6 $146 ({Predecessor:} 15. Nd5 Nxd5 16. exd5 g5 17. Qe2 Bf6 18. Bf2 Qb4 19. c3 Bxc3 20. Be1 f3 21. gxf3 Bxe1 22. Rhxe1 {1-0 Ibarra Chami,L (2452)-El Jawich,A (2314) Olympiad-44 Chennai 2022 (10.2)}) 15... Bxf6 16. Nd5 Be5 17. Nxf4 Bxf4 {[%emt 0:09:15][%mdl 64] [#] Remove Defender} 18. Qxf4 Be6 {[%emt 0:00:44] Dodges Bc4} 19. a3 Qc5 20. Rhe1 a5 21. e5 {[%emt 0:01:22] exd6 is the strong threat.} d5 (21... Kf8 $11) 22. Re3 Qe7 23. Rg3 Kh8 24. Rf1 {[%emt 0:00:57] White is more active.} Re8 {[%emt 0:11:18] [#] White leaves nothing to chance now.} ({Better is} 24... Rac8 $14) 25. Rff3 $40 {[%emt 0:02:12][%mdl 128] White has some attack.} ({White has to play} 25. Qd4 $1 $18 {[%cal Of1f6] Threatens to win with Rf6!} Rac8 26. Rf6) 25... g5 $2 (25... Rec8 $1 $14) 26. Qd4 $18 Kg7 27. h4 {[%emt 0:00:54][%cal Bh2h4,Bh4g5,Bg5g6][%mdl 32] Black must now prevent hxg5.} Rg8 (27... Rh8 $142 28. Rf6 Rac8 29. hxg5 hxg5 30. Rxg5+ Kf8) 28. Rf6 Kf8 29. Rxh6 Rc8 $2 (29... g4 30. Qf4 Rc8) 30. hxg5 Qc5 31. Qxc5+ $2 (31. Qf4 Ke8 32. g6) 31... Rxc5 32. g6 Rg7 33. Rh8+ ({But not} 33. Rf3 Ke7 34. Rh7 Kf8 $18) 33... Ke7 34. Rh7 Kf8 35. b4 axb4 36. axb4 Rc6 37. Rxg7 Kxg7 38. gxf7+ Kxf7 {[%emt 0:00:02][%mdl 4096] Endgame KRB-KRB} 39. Rf3+ Ke7 40. Kb2 Rc8 41. Rg3 Kf7 42. Rf3+ Ke7 43. Rf6 Rg8 44. Rg6 {[%emt 0:00:00] Weighted Error Value: White=0.45/Black=0.58} 1-0

[Event "1st FIDE Olympiad DIS 2023"]
[Site "Belgrade"]
[Date "2023.02.03"]
[Round "5.10"]
[White "Arstanbekov, Dzhanysh"]
[Black "Koessler, Wolfgang"]
[Result "0-1"]
[ECO "A34"]
[WhiteElo "1621"]
[BlackElo "1746"]
[Annotator "NA COMBH"]
[PlyCount "140"]
[EventDate "2023.01.30"]
[EventType "team-tourn"]
[EventCountry "SRB"]
[SourceTitle "playchess.com"]
[Source "ChessBase"]
[SourceQuality "1"]
[WhiteTeam "Kyrgyzstan"]
[BlackTeam "Germany"]
[WhiteTeamCountry "KGZ"]
[BlackTeamCountry "GER"]
[TimeControl "40/5400+30:1800+30"]

1. e4 c5 2. Nf3 e6 3. c4 b6 4. Nc3 Bb7 5. d4 cxd4 6. Nxd4 a6 7. a3 Qc7 8. Be3 Nf6 9. f3 d6 10. Be2 Be7 11. Rc1 Nbd7 12. O-O Rc8 13. b3 O-O 14. a4 Qb8 15. Bd3 Qa8 16. Bb1 Rfe8 17. Qd2 d5 18. exd5 exd5 19. Nxd5 Nxd5 20. cxd5 Bxd5 21. Rxc8 Rxc8 22. Nf5 Bf6 23. Bd4 Kf8 24. Qb4+ Nc5 25. Bxf6 gxf6 26. Qd4 Qc6 27. Qf4 Ne6 28. Qh6+ Ke8 29. Qxf6 Qc5+ 30. Kh1 Bxb3 31. Re1 Qb4 32. Rg1 Rc7 33. Qh8+ Nf8 34. Qe5+ Ne6 35. Ng7+ Kd8 36. Nxe6+ fxe6 37. Qh8+ Kd7 38. Be4 Qxa4 39. Qxh7+ Kd6 40. Qh6 Qd4 41. Qf8+ Kd7 42. Qf4 Qc3 43. Qf7+ Kd6 44. Qf8+ Kd7 45. Bg6 Rc8 46. Qf7+ Kc6 47. Be4+ Kb5 48. h3 a5 49. Qd7+ Kb4 50. Rb1 b5 51. Bd3 Rc5 52. Be2 a4 53. Bd1 Ka3 54. Bxb3 axb3 55. Qa7+ Kb4 56. Ra1 b2 57. Qa5+ Kc4 58. Qa2+ Qb3 59. Qb1 bxa1=Q 60. Qxa1 b4 61. Qa6+ Kc3 62. Qe2 Rd5 63. Kh2 Rd2 64. Qe5+ Kc2 65. Qe4+ Kd1 66. Qe5 Qb2 67. Qg5 b3 68. h4 Rxg2+ 69. Qxg2 Qxg2+ 70. Kxg2 b2 0-1

[Event "1st FIDE Olympiad DIS 2023"]
[Site "Belgrade"]
[Date "2023.02.03"]
[Round "5.11"]
[White "Dorner, Matthias"]
[Black "Rakhatbekov, Tilegen"]
[Result "1-0"]
[ECO "A48"]
[WhiteElo "2180"]
[BlackElo "1489"]
[Annotator "TA"]
[PlyCount "93"]
[EventDate "2023.01.30"]
[EventType "team-tourn"]
[EventCountry "SRB"]
[SourceTitle "playchess.com"]
[Source "ChessBase"]
[SourceQuality "1"]
[WhiteTeam "Germany"]
[BlackTeam "Kyrgyzstan"]
[WhiteTeamCountry "GER"]
[BlackTeamCountry "KGZ"]
[TimeControl "40/5400+30:1800+30"]

1. d4 Nf6 2. c3 g6 3. Bf4 Bg7 4. Nf3 O-O 5. h3 d6 6. e3 Nbd7 7. Nbd2 Re8 {[%emt 0:00:14] 7...b6 is more advanced technology.} 8. Nc4 {[%emt 0:01:15] A48: 1 d4 Nf6 2 Nf3 g6: Torre, London and Colle Systems.} b6 9. Be2 Bb7 10. O-O {[%emt 0:00:08] The position is equal.} Nd5 {[%emt 0:01:51] [#]} 11. Bg3 $146 ({Predecessor:} 11. Bh2 e5 12. a4 e4 13. Nfd2 Rb8 14. a5 b5 15. a6 Ba8 16. Na5 f5 17. Qb3 {0-1 Kubicek,A (2295)-Gauglitz,G (2420) Berlin East AdW 5th 1988 (5)}) 11... e5 12. Qb3 exd4 13. cxd4 N5f6 14. Rac1 Bd5 15. a4 a6 16. Qc2 Bb7 (16... Ne4 $11 {is more appropriate.}) 17. Nfd2 (17. Ncd2 $14 {was preferrable.}) 17... Ne4 18. Nxe4 Bxe4 19. Qd1 Bb7 {[%emt 0:00:41] [#]} 20. Bxd6 b5 (20... cxd6 $11 {keeps the balance.} 21. Nxd6 Nf6 22. Nxe8 (22. Nxb7 Qd7 $15) 22... Qxe8) 21. Na5 $1 $16 Bxg2 22. Kxg2 (22. Bxc7 $14 Qg5 23. Bf4) 22... cxd6 $11 23. Nc6 Qg5+ 24. Kh2 Rac8 (24... bxa4 $11 25. Qxa4 Nf6) 25. Bf3 Qf6 26. Bg2 {[%emt 0:01:23] Inhibits d5.} d5 $1 27. axb5 axb5 28. Na5 (28. Na7 $14 Rxc1 29. Qxc1) 28... Bf8 29. Qf3 Qd6+ 30. Kg1 Rxc1 31. Rxc1 Qb4 32. Rc7 Qxa5 33. Rxd7 $40 {[%emt 0:00:06][%mdl 128] Black needs to defend precisely.} Re7 34. Rxe7 Bxe7 35. Qxd5 $14 {[%emt 0:00:12][%mdl 4096] Endgame KQB-KQB} Qa1+ 36. Bf1 {[%emt 0:00:16] Active counter play!} Qxb2 37. Qxb5 (37. Bxb5 $2 {is the wrong capture.} Bh4 38. Kh1 Qxf2 39. Qa8+ Kg7 $19) 37... Qc2 38. Bc4 {[%emt 0:00:40] aiming for Qe8+.} Kg7 {[%emt 0:06:27] [#]} ({Better is} 38... Qf5 $14) 39. Qd5 (39. Qe5+ $1 $16 Kg8 40. Qxe7 Qxc4 41. Qe8+ Kg7 42. Qe5+ Kf8 43. d5 Qc1+ 44. Kg2) 39... f5 $2 {[%emt 0:00:31][%mdl 8192] [#] Black cannot hold the game after this.} (39... Qf5 $14) 40. Qf7+ $1 $18 ({Less strong is} 40. Bb3 Qc7 $16) 40... Kh6 {[%emt 0:00:02] Threatens to win with ...Bh4.} 41. Qxe7 {[%emt 0:30:23] White threatens Qf8+ and mate.} Qxc4 {[%emt 0:30:05] KQ-KQ} 42. Qe5 {[%emt 0:00:19] d5 is the strong threat.} Qd3 (42... Qc1+ $142 43. Kg2 Qc3) 43. Kg2 (43. d5 $142 Qb1+ 44. Kg2) 43... g5 (43... Qc3 $142 44. Qc5 Qa1 45. Qf8+ Kh5) 44. d5 {[%emt 0:04:47][%cal Bd4d5,Bd5d6][%mdl 32] White wants to mate with d6.} Kh5 45. d6 {[%emt 0:01:32] White mates.} h6 46. Qe6 Kh4 47. Qxh6# {[%emt 0:00:08] Weighted Error Value: White=0.31/Black=0.43} 1-0

[Event "1st FIDE Olympiad DIS 2023"]
[Site "Belgrade"]
[Date "2023.02.03"]
[Round "5.11"]
[White "Interian Rodriguez, Alberto D."]
[Black "Campos, Eugenio"]
[Result "0-1"]
[ECO "B53"]
[WhiteElo "2082"]
[BlackElo "2227"]
[Annotator "TA"]
[PlyCount "92"]
[EventDate "2023.01.30"]
[EventType "team-tourn"]
[EventCountry "SRB"]
[SourceTitle "playchess.com"]
[Source "ChessBase"]
[SourceQuality "1"]
[WhiteTeam "Cuba"]
[BlackTeam "IPCA"]
[WhiteTeamCountry "CUB"]
[BlackTeamCountry "ANG"]
[TimeControl "40/5400+30:1800+30"]

1. e4 c5 2. Nf3 d6 3. d4 Nf6 4. dxc5 Qa5+ 5. c3 Qxc5 6. Bd3 {[%emt 0:00:05] B53: Sicilian: 2...d6: Lines with Qxd4.} g6 7. h3 Bg7 8. O-O {[%emt 0:00:16] White has an edge.} O-O 9. Nbd2 Nbd7 10. Re1 {[%emt 0:05:35] [#]} Ne5 $146 ({Predecessor:} 10... b6 11. Nb3 Qc7 12. Bg5 Bb7 13. Qd2 Rad8 14. Rad1 Nc5 15. Nxc5 dxc5 16. Qe3 c4 {1-0 Damljanovic,B (2560)-Nijboer,F (2455) Ibercaja op Zaragoza 1991 (9)}) 11. Nxe5 dxe5 12. Nb3 Qc7 13. Qf3 Rd8 14. Bg5 Be6 15. Bc2 b5 16. Be3 Nd7 {[%emt 0:00:24] Inhibits Nc5.} 17. Rac1 a5 18. Qg3 (18. a3 $15) 18... a4 $17 19. Nd4 Bxa2 (19... Bc4 20. b3 axb3 21. axb3 $14) 20. Nxb5 Qc6 (20... Qb7 $17 21. Ra1 Bc4) 21. Ra1 $11 Bb3 22. Bxb3 (22. Na7 $5 Qb7 23. Bxb3 axb3 24. Ra4 $15) 22... axb3 23. Na7 (23. Rxa8 Rxa8 24. Na3 Qxe4 $17) 23... Qb7 {[%emt 0:01:07] Strongly threatening ...Nb6.} ({Resist} 23... Qxe4 24. Bb6 $16) 24. Ra4 Rdb8 25. Rea1 e6 26. Qf3 (26. Rb4 $5 Qc7 $8 27. Rba4 $11) 26... Bf8 27. Qe2 Nc5 28. Ra5 ({Wrong is} 28. Bxc5 $2 Bxc5 $19) 28... Qxe4 {[%emt 0:02:21] [#] White must now prevent ...Qc2.} 29. Kf1 Nd7 30. f3 Qb7 31. Nb5 {[%emt 0:00:33] Black keeps a firm grip on the game.} ({Better is} 31. Bf2 $15) 31... Rxa5 $19 32. Rxa5 Ra8 33. Rxa8 Qxa8 34. Qd1 {[%emt 0:00:07] Against Qa1} Nc5 {[%emt 0:13:24] ...Qa2 would be deadly.} 35. Na3 e4 36. f4 (36. fxe4 {is a better defense.} Nxe4 37. Qxb3) 36... Qb8 {[%emt 0:04:03] [#] Threatens to win with ...Nd3.} 37. c4 $2 (37. Nc4) 37... Qb4 {[%emt 0:01:43] ...Nd3 is the strong threat.} 38. Bd2 Qb8 39. Be3 $1 Qb4 (39... Nd3 $142 40. Nb5 e5 41. fxe5 Qxe5) 40. Bd2 $1 Qa4 {[%emt 0:00:28] aiming for ...Nd3.} 41. Qe2 Bg7 42. Qe3 Nd3 (42... Bxb2 $142 43. f5 Bxa3) 43. Qxe4 Nxb2 44. Qb7 Qxa3 45. Bb4 Qa1+ 46. Ke2 Qd1+ {[%emt 0:00:35] Weighted Error Value: White=0.65/Black=0.36} ({Don't play} 46... Nxc4 47. Qc8+) 0-1